 Seeded DCSS version 0.30.0-5-g1a98f26d00 (webtiles) character file.

Game seed: 18007716519941398942 (custom seed)

17229 Pooter the Severer (level 12, -4/168 HPs)
             Began as a Minotaur Berserker on May 11, 2023.
             Was a Priest of Trog.
             Slain by a merfolk siren
             ... wielding a +0 spear
              (6 damage)
             ... on level 2 of the Lair of Beasts.
             The game lasted 01:06:52 (10649 turns).

Pooter the Severer (Minotaur Berserker)            Turns: 10649, Time: 01:06:53

Health: -4/168     AC: 19    Str: 31    XL:     12   Next: 17%
Magic:  0/11       EV: 10    Int:  4    God:    Trog [***...]
Gold:   745        SH:  0    Dex: 12    Spells: 11/11 levels left

rFire   . . .        a - +6 battleaxe (elec)
rCold   + . .        (shield currently unavailable)
rNeg    + . .        p - +6 chain mail of the Valley of Death {+Inv rPois rC+ rN+ Regen+}
rPois   +            E - +0 hat {Will+}
rElec   .            K - +0 cloak
rCorr   .            X - +0 pair of gloves
SInv    .            A - +0 pair of boots
Will    ++++.        G - amulet of guardian spirit Stlth
                     O - +6 ring of strength
HPRegen 2.28/turn    s - ring of willpower
MPRegen 0.12/turn

%: guardian spirit
@: berserking, about to teleport, strong-willed (expiring), regenerating
(expiring), very quick
A: horns 2, retaliatory headbutt
a: Renounce Religion, Evoke Invisibility, Berserk, Trog's Hand


You were on level 2 of the Lair of Beasts.
You worshipped Trog.
Trog was most pleased with you.
You visited 3 branches of the dungeon, and saw 14 of its levels.

You collected 1059 gold pieces.
You spent 314 gold pieces at shops.

Inventory:

Hand Weapons
 a - a +6 battleaxe of electrocution (weapon)
   (You acquired it on level 1 of the Dungeon)
 b - a +2 arbalest of draining
   (You took it off an orc knight on level 1 of the Orcish Mines)
 e - a +2 spectral broad axe
   (You found it on level 7 of the Dungeon)
 w - a +3 heavy trident
   (You took it off Blork the orc on level 4 of the Dungeon)
 J - a +4 halberd
   (You took it off a wight on level 5 of the Dungeon)
 M - a +3 scimitar of flaming
   (You took it off Erica on level 8 of the Dungeon)
Missiles
 z - 6 atropa-tipped darts
 H - 45 poisoned darts (quivered)
 P - a curare-tipped dart
 Q - 2 boomerangs
 S - 2 throwing nets {!f}
 Y - 5 javelins
Armour
 p - the +6 chain mail of the Valley of Death (worn) {+Inv rPois rC+ rN+ Regen+}
   (You acquired it on level 1 of the Dungeon)

   rC:        It protects you from cold.
   rPois:     It protects you from poison.
   rN:        It protects you from negative energy.
   +Inv:      It lets you turn invisible.
   Regen:     It increases your rate of health regeneration.
 A - a +0 pair of boots (worn)
   (You found it on level 3 of the Dungeon)
 E - a +0 hat of willpower (worn)
   (You took it off Gastronok on level 8 of the Dungeon)
 K - a +0 cloak (worn)
   (You found it on level 2 of the Dungeon)
 X - a +0 pair of gloves (worn)
   (You found it on level 10 of the Dungeon)
Jewellery
 g - a +4 ring of protection
   (You found it on level 2 of the Dungeon)
 k - an amulet of the acrobat
   (You found it on level 1 of the Dungeon)
 q - the ring "Amuenyc" {Ice rElec rPois rCorr Dex-2}
   (You acquired it on level 1 of the Dungeon)

   [ring of ice]

   It enhances your ice magic.
   Dex:       It affects your dexterity (-2).
   rF:        It makes you vulnerable to fire.
   rC:        It protects you from cold.
   rElec:     It insulates you from electricity.
   rPois:     It protects you from poison.
   rCorr:     It protects you from acid and corrosion.
 s - a ring of willpower (right hand)
   (You found it on level 2 of the Dungeon)
 y - a ring of fire
   (You found it on level 10 of the Dungeon)
 G - an amulet of guardian spirit (around neck)
   (You took it off a centaur on level 9 of the Dungeon)
 N - a ring of positive energy
   (You found it on level 3 of the Dungeon)
 O - a +6 ring of strength (left hand)
   (You found it on level 8 of the Dungeon)
Wands
 f - a wand of flame (12)
   (You found it on level 9 of the Dungeon)
 u - a wand of paralysis (6)
   (You found it on level 9 of the Dungeon)
 v - a wand of polymorph (11)
   (You found it on level 4 of the Dungeon)
 F - a wand of mindburst (11)
   (You took it off Ijyb on level 5 of the Dungeon)
 U - a wand of roots (2)
   (You found it on level 2 of the Lair of Beasts)
 V - a wand of light (7)
   (You found it on level 1 of the Lair of Beasts)
Scrolls
 c - 2 scrolls of butterflies {unknown}
 d - a scroll of immolation {!r}
 h - a scroll of enchant armour
 j - a scroll of silence
 o - 2 scrolls of fog
 r - a scroll of brand weapon
 t - 5 scrolls of teleportation {@r4}
 D - 2 scrolls of blinking {unknown}
 L - 2 scrolls of magic mapping
 R - a scroll of poison {unknown}
Potions
 i - 3 potions of ambrosia {unknown}
 l - 5 potions of attraction {!q}
 m - 4 potions of might
 n - 2 potions of heal wounds {@q2}
 B - a potion of haste {@q3}
 C - a potion of resistance {unknown}
 I - 6 potions of curing {@q1}
 W - a potion of flight {unknown}
 Z - a potion of magic {unknown}
Miscellaneous
 x - a piece from Xom's chessboard (15/15)
   (You found it on level 3 of the Dungeon)
 T - a condenser vane
   (You found it on level 2 of the Lair of Beasts)


   Skills:
 + Level 12.3 Fighting
 * Level 16.6 Axes
 * Level 10.6 Ranged Weapons
 + Level 4.6 Armour
 - Level 2.1 Dodging
 + Level 2.7 Evocations


You had 11 spell levels left.
You didn't know any spells.
Your spell library was empty.

Dungeon Overview and Level Annotations

Branches:
Dungeon (10/15)            Temple (0/1) D:7            Lair (2/5) D:10
    Orc (2/2) D:9
  Swamp: Lair:2-3    Shoals: Lair:2-3     Snake: Lair:2-3    Spider: Lair:2-3
    Elf: Orc:2

Altars:
Cheibriados
Kikubaaqudgha
Makhleb
Nemelex Xobeh
Okawaru
Qazlal
Ru
Trog
Vehumet
Wu Jian
Xom
Yredelemnul
Zin
The Shining One

Shops:
D:2 :   D:6 ?   D:7 (

Annotations:
D:7 1 runed translucent door, Crazy Yiuf
Orc:1 3 runed translucent doors, blexxed's ghost, journeyman DsFi


Innate Abilities, Weirdness & Mutations

You have a pair of horns on your head.
You reflexively headbutt those who attack you in melee.


Message History

The merfolk hits you with a +0 trident!
* * * LOW MAGIC WARNING * * *
* * * LOW HITPOINT WARNING * * *
The merfolk siren hits you but does no damage.
The cane toad stings you!!
* * * LOW MAGIC WARNING * * *
* * * LOW HITPOINT WARNING * * *
Okay, then.
As you read the scroll of teleportation {@r4}, it crumbles to dust.
You feel strangely unstable. The cane toad stings you!
* * * LOW MAGIC WARNING * * *
* * * LOW HITPOINT WARNING * * *
The cane toad stings you!
* * * LOW HITPOINT WARNING * * *
The yak barely misses you. The merfolk barely misses you.
A merfolk siren comes into view. It is wielding a +0 spear.
The cane toad stings you!
* * * LOW MAGIC WARNING * * *
* * * LOW HITPOINT WARNING * * *
A red film seems to cover your vision as you go berserk!
You feel yourself moving faster!
You feel mighty!
You can no longer call in reinforcements.
The merfolk siren hits you from afar with a +1 heavy spear.
* * * LOW HITPOINT WARNING * * *
The cane toad barely misses you. You furiously retaliate!
You headbutt the cane toad!!
You kill the cane toad!
Trog accepts your kill. The merfolk barely misses you.
The cane toad stings you but does no damage.
The yak gores you but does no damage.
You barely miss the merfolk. Your headbutt misses the merfolk.
You hit the cane toad.
Lightning courses through the cane toad!
You kill the cane toad!
Trog accepts your kill.
You slash the yak! You barely miss the yak.
You feel the effects of Trog's Hand fading.
You slice the merfolk!! Lightning courses through the merfolk!
You kill the merfolk!
Trog accepts your kill.
You slash the yak! Lightning courses through the yak!
You kill the yak!
Trog accepts your kill.
You completely miss the yak. The yak gores you but does no damage.
The merfolk siren hits you from afar with a +1 heavy spear!
* * * LOW MAGIC WARNING * * *
* * * LOW HITPOINT WARNING * * *
The merfolk siren hits you from afar with a +0 spear.
You die...

..## #.. ####..#.....#
##.# ##. # #P.#.....P..#
#.# #..## #.....#....?#
..###...####.#.#..#P....
..#.......#.....#....##.
............#####.##.# #
..........### ### ..#
.#......### #.#
..[...†@# .# #.#...Y)#
#......mm #.#.P....# #
####P### ##


You could see 2 merfolk sirens and a yak.

Vanquished Creatures
  Gastronok (D:8)
  An ettin (Orc:1)
  Harold (D:9)
  Erica (D:8)
  Urug (Orc:1)
  Nergalle (D:10)
  An orc knight (Orc:1)
  A manticore (D:10)
  3 elephants (Lair:2)
  5 cane toads
  A kobold demonologist (D:6)
  A komodo dragon (D:10)
  A merfolk (Lair:2)
  2 trolls
  Grinder (D:5)
  4 wyverns
  12 yaks
  Eustachio (D:6)
  2 basilisks
  2 steam dragons
  3 wargs (Orc:1)
  An acid dragon (D:8)
  A floating eye (D:9)
  8 water moccasins
  2 ice beasts (D:7)
  5 orc warriors
  2 black bears
  5 ogres
  7 centaurs
  3 phantoms (D:5)
  2 kobold brigands (D:7)
  Blork the orc (D:4)
  3 gnoll sergeants
  5 bullfrogs
  2 scorpions (D:4)
  9 wights
  7 killer bees
  A crimson imp (D:9)
  2 jellies
  4 gnoll boudas
  An orc priest (D:6)
  3 hounds
  A sleepcap (D:4)
  3 iguanas
  4 orc wizards
  Ijyb (D:5)
  33 gnolls
  4 adders
  6 shadow imps
  2 white imps
  3 worms (D:2)
  4 dart slugs
  22 orcs
  3 bats
  11 endoplasms
  4 giant cockroaches
  11 goblins
  2 hobgoblins (D:1)
  6 jackals
  4 quokkas
  7 ball pythons
  4 frilled lizards
  19 kobolds
  6 rats
  A butterfly (D:3)
281 creatures vanquished.

Notes
Turn   | Place    | Note
-------+----------+-------------------------------------------
     0 | D:1      | Pooter the Minotaur Berserker began the quest for the Orb.
     0 | D:1      | Reached XP level 1. HP: 19/19 MP: 0/0
   167 | D:1      | Reached skill level 4 in Axes
   167 | D:1      | Reached XP level 2. HP: 27/27 MP: 1/1
   207 | D:1      | Reached skill level 1 in Ranged Weapons
   334 | D:1      | Reached XP level 3. HP: 33/33 MP: 2/2
   360 | D:1      | Reached ** piety under Trog
   720 | D:1      | Identified 3 scrolls of acquirement
   720 | D:1      | Acquired a +6 battleaxe of electrocution
   724 | D:1      | Acquired the ring "Amuenyc" {Ice rElec rPois rCorr Dex-2}
   726 | D:1      | Acquired the +6 chain mail of the Valley of Death {+Inv
                  | rPois rC+ rN+ Regen+}
   804 | D:1      | Found a faded altar of an unknown god.
   804 | D:1      | Noticed a neqoxec
  1045 | D:2      | Identified the +2 hand axe "Plog" {drain, +Blink rCorr}
  1056 | D:2      | Found Lemucar's Book Boutique.
  1339 | D:2      | You fall into a shaft and drop 2 floors!
  1371 | D:4      | Noticed a scorpion
  1378 | D:4      | Killed a scorpion
  1379 | D:4      | Reached skill level 5 in Axes
  1379 | D:4      | Reached XP level 4. HP: 41/41 MP: 3/3
  1447 | D:4      | Noticed Blork the orc
  1449 | D:3      | Found a stormy altar of Qazlal.
  1466 | D:4      | Killed Blork the orc
  1467 | D:4      | Reached skill level 5 in Fighting
  1467 | D:4      | Reached skill level 6 in Axes
  1467 | D:4      | Reached XP level 5. HP: 33/48 MP: 4/4
  1513 | D:3      | Found a glowing silver altar of Zin.
  1565 | D:3      | Found a shimmering altar of Xom.
  1704 | D:3      | Found a glowing golden altar of the Shining One.
  2190 | D:2      | Reached *** piety under Trog
  2718 | D:4      | Found an ornate altar of the Wu Jian Council.
  2896 | D:4      | Found a sparkling altar of Nemelex Xobeh.
  2961 | D:4      | Reached XP level 6. HP: 56/56 MP: 5/5
  3098 | D:5      | Entered Level 5 of the Dungeon
  3098 | D:5      | Noticed Ijyb
  3103 | D:4      | Reached skill level 7 in Axes
  3234 | D:5      | Killed Ijyb
  3301 | D:5      | Reached skill level 8 in Axes
  3301 | D:5      | Reached XP level 7. HP: 63/63 MP: 6/6
  3325 | D:5      | Noticed Grinder
  3345 | D:5      | Killed Grinder
  3377 | D:5      | Reached skill level 9 in Axes
  3471 | D:5      | Reached XP level 8. HP: 73/73 MP: 7/7
  3688 | D:5      | Reached skill level 10 in Axes
  3839 | D:5      | Found a sacrificial altar of Ru.
  4064 | D:6      | Found a basalt altar of Yredelemnul.
  4091 | D:6      | Reached **** piety under Trog
  4207 | D:6      | Reached skill level 11 in Axes
  4287 | D:6      | Noticed Eustachio
  4295 | D:6      | Noticed a kobold demonologist
  4301 | D:6      | Noticed a hellwing
  4302 | D:6      | Killed a kobold demonologist
  4303 | D:6      | Reached skill level 5 in Ranged Weapons
  4303 | D:6      | Reached XP level 9. HP: 82/82 MP: 8/8
  4326 | D:6      | Killed Eustachio
  4502 | D:6      | Found Bevuivysk's Magic Scroll Shop.
  4509 | D:6      | Bought a scroll of identify for 30 gold pieces
  4509 | D:6      | Bought a scroll of magic mapping for 112 gold pieces
  4509 | D:6      | Bought a scroll of identify for 30 gold pieces
  4509 | D:6      | Bought a scroll of identify for 30 gold pieces
  4509 | D:6      | Bought a scroll of enchant weapon for 112 gold pieces
  5062 | D:7      | Reached skill level 12 in Axes
  5178 | D:7      | Found a staircase to the Ecumenical Temple.
  5196 | D:7      | Found Voneir's Antique Weapon Shop.
  5252 | D:7      | Found a runed translucent door.
  5253 | D:7      | Noticed Crazy Yiuf
  5317 | D:7      | Found a bloodstained altar of Trog.
  5913 | D:8      | Noticed Gastronok
  5923 | D:8      | Killed Gastronok
  5924 | D:8      | Reached skill level 13 in Axes
  5924 | D:8      | Reached XP level 10. HP: 93/93 MP: 9/9
  6046 | D:8      | Noticed Erica
  6055 | D:8      | Killed Erica
  6056 | D:8      | Reached skill level 10 in Fighting
  6346 | D:8      | Found an iron altar of Okawaru.
  6492 | D:9      | Noticed Harold
  6505 | D:9      | Killed Harold
  6506 | D:9      | Reached skill level 14 in Axes
  6946 | D:9      | Reached XP level 11. HP: 95/102 MP: 10/10
  7086 | D:9      | Reached skill level 15 in Axes
  7361 | D:9      | Found a staircase to the Orcish Mines.
  7664 | D:9      | Found a burning altar of Makhleb.
  7665 | D:9      | Found a radiant altar of Vehumet.
  7846 | Orc:1    | Entered Level 1 of the Orcish Mines
  7937 | Orc:1    | Noticed Urug
  7960 | Orc:1    | Killed Urug
  8138 | Orc:1    | Found a runed translucent gate.
  8138 | Orc:1    | Found a runed translucent gate.
  8139 | Orc:1    | Found a runed translucent gate.
  8284 | Orc:1    | Noticed blexxed's ghost (journeyman DsFi)
  8320 | Orc:2    | Entered Level 2 of the Orcish Mines
  8320 | Orc:2    | Noticed an orc knight
  8320 | Orc:2    | Noticed an ettin
  8327 | Orc:1    | Killed an orc knight
  8372 | Orc:1    | Killed an ettin
  8499 | D:10     | Entered Level 10 of the Dungeon
  8507 | D:10     | Noticed Nergalle
  8515 | D:10     | Killed Nergalle
  8563 | D:10     | Found an ancient bone altar of Kikubaaqudgha.
  8625 | D:10     | Found a snail-covered altar of Cheibriados.
  8844 | D:10     | Reached skill level 16 in Axes
  8854 | D:10     | Reached skill level 1 in Evocations
  9001 | D:10     | Found a staircase to the Lair.
  9460 | Lair:1   | Entered Level 1 of the Lair of Beasts
  9486 | Lair:1   | Reached skill level 10 in Ranged Weapons
  9674 | Lair:1   | You fall into a shaft and drop 1 floor!
  9763 | Lair:2   | Reached XP level 12. HP: 110/112 MP: 9/11
 10649 | Lair:2   | HP: 2/168 [merfolk siren/+1 heavy spear (13)]
 10649 | Lair:2   | Slain by a merfolk siren

Illustrated notes

Levels and vault maps discovered:
D:1:      psy_arrival_dodecagon, layout_basic,
          dreamdust_ecumenical_altar_sealed_demon
D:2:      layout_loops_cross, serial_shops, shop, minmay_misc_feat_cross,
          glass_columns_c, minmay_ruptured
D:3:      layout_basic, xom_butterflies, nicolae_qazlal_scattered_showers,
          nicolae_overflow_crystal_walls, tso_oasis_becter
D:4:      layout_cave_pools, kennysheep_mini, nicolae_wu_jian_wuxing_cycle,
          serial_column_ruins, column_ruins_circle_small, column_ruins_grid_3,
          column_ruins_open_large, column_ruins_grid_1, column_ruins_grid_1,
          column_ruins_open_tiny, chequers_hall_statues_wall_a,
          chequers_serial_rivers_micro_c, uniq_blork_the_orc
D:5:      minmay_evil_eye, layout_rooms, nicolae_ru_the_path_less_chosen,
          uniq_ijyb, uniq_grinder
D:6:      layout_basic, mainiacjoe_overflow_paths, serial_shops,
          nicolae_shop_tiny_statue_garden, uniq_eustachio
D:7:      layout_basic, trog_three_pillars_becter,
          minmay_temple_entry_antechambers, serial_shops, shop,
          patterned_corridor, uniq_crazy_yiuf_cottage
D:8:      layout_basic, mainiacjoe_overflow_brackets, minmay_misc_feat_rows,
          uniq_erica, uniq_gastronok
D:9:      layout_stronghold, grunt_temple_overflow_lords_of_destruction,
          orc_0_dummy, onia_ninara_cookie, uniq_harold
D:10:     layout_loops_ring, kiku_gazebo_garden_becter, cheibriados_altar_1,
          erik_lair_dragon, reono_crystal_passage, uniq_nergalle
Lair:1:   layout_cave_pods, hangedman_lair_unloving_vines, serial_bayou_pond_a,
          st_stairs_4, lemuel_fruit_tree
Lair:2:   minmay_lair_oklob_tunnel, layout_loops_ring,
          elwin_shoals_entry_stream, minmay_snake_entry_six_corridors
Orc:1:    layout_caves, gammafunk_ghost_necromancy, statue_in_the_mist_lemuel,
          uniq_urug
Orc:2:    grunt_orc_cross, layout_caves, nicolae_volcano_entry_vermiform,
          uniq_jorgrun, uniq_rupert, uniq_nessos

Skill      XL: |  1  2  3  4  5  6  7  8  9 10 11 |
---------------+----------------------------------+-----
Axes           | 4 5 6 8 9 11 13 14 16 | 16.6
Ranged Weapons | 1 3 5 7 8 10 | 10.6
Fighting       | 4 5 6 7 8 9 11 12 | 12.3
Armour         | 4 |  4.6
Evocations     | 2 |  2.7
Dodging        | |  2.1

Action                     |  1- 3 |  4- 6 |  7- 9 | 10-12 || total
---------------------------+-------+-------+-------+-------++-------
  Melee: Hand axe          |    49 |       |       |       ||    49
         Headbutt          |     9 |     6 |    23 |    36 ||    74
         Battleaxe         |    24 |    54 |   176 |   179 ||   433
         Broad axe         |       |       |    12 |       ||    12
         Halberd           |       |       |       |     1 ||     1
         Trident           |       |       |       |     2 ||     2
   Fire: Sling             |     3 |     8 |       |       ||    11
         Shortbow          |       |       |    33 |    40 ||    73
         Arbalest          |       |       |       |    46 ||    46
  Throw: Dart              |     1 |     1 |     4 |     4 ||    10
 Invoke: Berserk           |     2 |     2 |     5 |     8 ||    17
         Trog's Hand       |       |     1 |     4 |     9 ||    14
  Evoke: Wand              |       |       |     1 |     1 ||     2
         Piece from Xom's  |       |       |       |     5 ||     5
    Use: Scroll            |     8 |     3 |     9 |     7 ||    27
 Armour: Animal skin       |     9 |       |       |       ||     9
         Chain mail        |    11 |    30 |   137 |   116 ||   294
  Dodge: Dodged            |    50 |    28 |    83 |   118 ||   279
